 Dungeon Crawl Stone Soup version 0.20-a0-645-g0ac6e19 (webtiles) character file.

38327 GlassEater the Bludgeoner (level 13, -5/111 (112) HPs)
             Began as a Minotaur Gladiator on Feb 14, 2017.
             Was a High Priest of Ashenzari.
             Killed from afar by an ice dragon (50 damage)
             ... with a blast of cold
             ... in an ice cave.
             The game lasted 00:38:28 (15891 turns).

GlassEater the Bludgeoner (Minotaur Gladiator)     Turns: 15891, Time: 00:38:29

HP:   -5/111 (112)  AC: 40    Str: 27    XL:     13   Next: 63%
MP:   0/21          EV:  9    Int: 16    God:    Ashenzari [*****.]
Gold: 1115          SH:  4    Dex: 14    Spells: 12/12 levels left

rFire    . . .     SeeInvis +   k - +7 dire flail (venom) (curse)
rCold    . . .     Gourm    .   w - +13 crystal plate armour of Disguise {Int+6} (curse)
rNeg     + . .     Faith    .   (shield currently unavailable)
rPois    .         Spirit   +   c - +0 hat (curse)
rElec    .         Reflect  .   y - +1 cloak
rCorr    +         Harm     .   r - +0 pair of gloves
MR       +....     Clarity  +   (no boots)
Stlth    ..........             s - amulet "Ylofulox" {Spirit +Blink rN+ MR+ Str+4} (curse)
Regen    0.3/turn               a - ring of Sogoh {rCorr MP+9 Int+5 Dex-3 Slay+2}
MPRegen  0.2/turn               (no ring)

@: no status effects
A: retaliatory headbutt, horns 2, large bone plates 1, agile 2, deterioration 1,
frail 1, evolution 1
a: Curse Item, Scrying, Transfer Knowledge, Renounce Religion, Evoke Blink


You were in an ice cave.
You worshipped Ashenzari.
Ashenzari was extremely pleased with you.
You were not hungry.

You visited 3 branches of the dungeon, and saw 18 of its levels.
You also visited: Sewer, Bailey and Ice Cave.

You collected 1115 gold pieces.

Inventory:

Hand Weapons
 k - a cursed +7 dire flail of venom (weapon)
Missiles
 d - 5 throwing nets (quivered)
 B - 6 javelins
 N - 5 tomahawks
Armour
 c - a cursed +0 hat (worn)
 r - a +0 pair of gloves (worn)
 w - the cursed +13 crystal plate armour of Disguise (worn) {Int+6}
   (You acquired it in a bailey)

   It affects your intelligence (+6).
   It has a curse placed upon it.
 y - a +1 cloak (worn)
Jewellery
 a - the ring of Sogoh (right hand) {rCorr MP+9 Int+5 Dex-3 Slay+2}
   (You took it off a centaur on level 5 of the Dungeon)

   [ring of resist corrosion]

   It affects your intelligence (+5).
   It affects your dexterity (-3).
   It affects your accuracy and damage with ranged weapons and melee attacks
   (+2).
   It affects your magic capacity (+9).
 j - an uncursed ring of protection from cold
 s - the cursed amulet "Ylofulox" (around neck) {Spirit +Blink rN+ MR+ Str+4}
   (You acquired it in a bailey)

   [amulet of guardian spirit]

   It causes incoming damage to be split between your health and magic.
   It affects your strength (+4).
   It protects you from negative energy.
   It affects your resistance to hostile enchantments.
   It lets you blink.
   It has a curse placed upon it.
Scrolls
 e - a scroll of fear
 g - 2 scrolls of magic mapping
 l - 2 scrolls of torment
 n - 2 scrolls of identify
 q - 4 scrolls of blinking
 A - a scroll of amnesia
 K - 4 scrolls of teleportation
Potions
 m - 2 potions of magic
 o - 3 potions of haste
 u - 10 potions of curing
 v - 4 potions of resistance
 z - a potion of cancellation
 D - a potion of might
 F - 2 potions of agility
 G - a potion of berserk rage
 M - 3 potions of heal wounds
Books
 h - a book of Minor Magic

   Spells                             Type                      Level
   a - Magic Dart                     Conjuration                  1
   b - Blink                          Translocation                2
   c - Call Imp                       Summoning                    2
   d - Slow                           Hexes                        2
   e - Conjure Flame                  Conjuration/Fire             3
   f - Mephitic Cloud                 Conjuration/Poison/Air       3
 t - a book of Changes

   Spells                             Type                      Level
   a - Beastly Appendage              Transmutation                1
   b - Sticks to Snakes               Transmutation                2
   c - Spider Form                    Transmutation/Poison         3
   d - Ice Form                       Ice/Transmutation            4
   e - Blade Hands                    Transmutation                5
 x - a book of Transfigurations

   Spells                             Type                      Level
   a - Irradiate                      Conjuration/Transmutation    5
   b - Statue Form                    Transmutation/Earth          6
   c - Hydra Form                     Transmutation                6
   d - Dragon Form                    Transmutation                7
 I - a book of Misfortune

   Spells                             Type                      Level
   a - Confusing Touch                Hexes                        1
   b - Confuse                        Hexes                        3
   c - Gell's Gravitas                Hexes/Translocation          3
   d - Petrify                        Transmutation/Earth          4
   e - Metabolic Englaciation         Hexes/Ice                    5
   f - Yara's Violent Unravelling     Hexes/Transmutation          5
 J - a book of Maledictions

   Spells                             Type                      Level
   a - Corona                         Hexes                        1
   b - Ensorcelled Hibernation        Hexes/Ice                    2
   c - Confuse                        Hexes                        3
   d - Tukima's Dance                 Hexes                        3
   e - Dazzling Spray                 Conjuration/Hexes            3
 L - a book of Frost

   Spells                             Type                      Level
   a - Freeze                         Ice                          1
   b - Throw Frost                    Conjuration/Ice              2
   c - Ozocubu's Armour               Charms/Ice                   3
   d - Throw Icicle                   Conjuration/Ice              4
   e - Summon Ice Beast               Ice/Summoning                4
Comestibles
 f - 12 bread rations
 i - 11 meat rations
 p - 5 royal jellies
 C - 3 fruits


   Skills:
 + Level 14.7 Fighting
 + Level 17.2(21.6) Maces & Flails
 - Level 2.0 Throwing
 + Level 13.9 Armour
 - Level 7.1 Dodging


You had 12 spell levels left.
You didn't know any spells.

Dungeon Overview and Level Annotations

Branches:
Dungeon (15/15)            Temple (1/1) D:4            Lair (2/6) D:10
    Orc (0/2) D:10         Vaults (0/5) D:14
  Swamp: Lair:2-4    Shoals: Lair:2-4     Snake: Lair:2-4    Spider: Lair:2-4
 Depths: D:15

Altars:
Ashenzari
Cheibriados
Dithmenos
Elyvilon
Fedhas
Gozag
Hepliaklqana
Kikubaaqudgha
Makhleb
Nemelex Xobeh
Okawaru
Qazlal
Ru
Sif Muna
Trog
Uskayaw
Vehumet
Xom
Yredelemnul
Zin
The Shining One

Annotations:
Lair:1 exclusion: oklob plant


Innate Abilities, Weirdness & Mutations

You reflexively headbutt those who attack you in melee.
You have a pair of horns on your head.
You are partially covered in large bone plates. (SH +4)
You are very agile. (Dex +4)
Your body sometimes deteriorates upon taking damage.
You are frail. (-10% HP)
You evolve.


Message History

You hit the ice dragon.
The ice dragon is moderately wounded.
You closely miss the ice dragon.
The ice dragon is moderately wounded.
You spit the ice dragon like a pig!!!
The ice dragon is poisoned.
The ice dragon is heavily wounded.
The ice dragon barely misses you. You block the ice dragon's attack. x2
You puncture the ice dragon!
The ice dragon is heavily wounded.
The ice dragon barely misses you. x2
The ice dragon tramples you but does no damage.
Unknown command.
The ice dragon bites you but does no damage.
The ice dragon claws you.
The ice dragon tramples you but does no damage.
The ice dragon breathes frost at you. The blast of cold hits you!
The ice dragon breathes frost at you. The blast of cold hits you!
You die...

########
####......# *
##..@.D.#.....#*
#...##D###......* *
#####..###∆∆......
* #...##.#
∆∆∆∆....$ ,,*
##.#....#∆∆∆∆∆$...=
* ##..###.## ∆∆∆
$$$# ####..## ###
** * #### * *
####....##≈≈≈ ≈≈ ≈≈
≈ ≈ ≈ ≈≈ *
###......##≈ ≈ ≈ ≈≈
≈≈


You could see 2 ice dragons.

Vanquished Creatures
  Frances (D:13)
  Snorg (D:10)
  A vault guard (D:14)
  The ghost of pichaelthompson the Spear-Bearer, a journeyman DsBe of Trog (Lair:1)
  5 two-headed ogres
  The ghost of Autoplay the Carver, a novice BaFi of Cheibriados (D:9)
  Nergalle (D:9)
  A wizard (D:14)
  2 necromancers (D:14)
  An orc knight (Bailey)
  A deep elf mage (D:14)
  7 ugly things
  2 cyclopes (D:14)
  The ghost of elan the Grappler, a novice VSTm of Cheibriados (D:6)
  A manticore (D:13)
  Maurice (D:12)
  2 ice statues (IceCv)
  Joseph (D:9)
  2 spiny frogs (Lair:1)
  A centaur zombie (D:11)
  An efreet (D:14)
  2 rime drakes (IceCv)
  A rime drake (shapeshifter) (D:8)
  A yaktaur (D:14)
  4 kobold demonologists
  2 trolls
  A hornet (D:11)
  3 hippogriffs
  A spriggan (D:7)
  2 shadows
  A vampire (D:10)
  A wyvern (D:8)
  A wraith (D:14)
  11 yaks
  2 basilisks
  19 humans (D:14)
  6 vampire mosquitoes
  The ghost of GlassEater the Shield-Bearer, an amateur FoFi (D:4)
  A steam dragon (D:14)
  Menkaure (D:6)
  Edmund (D:4)
  6 water moccasins
  2 porcupines (Lair:1)
  27 ice beasts
  3 black bears
  5 sky beasts
  6 ogres
  19 orc warriors
  4 necrophages (D:6)
  4 wolves (Lair:2)
  6 centaurs
  A crocodile (D:12)
  7 big kobolds
  10 bullfrogs
  Blork the orc (D:4)
  A wyvern skeleton (D:11)
  6 scorpions
  A water moccasin skeleton (D:9)
  9 killer bees
  3 wights (D:13)
  A howler monkey (D:2)
  3 crimson imps
  A bullfrog zombie (D:6)
  2 quasits
  2 bullfrog skeletons
  15 orc wizards
  A centaur skeleton (D:4)
  4 orc priests
  3 hounds
  3 iguanas
  Natasha (thrice) (D:2)
  8 worker ants
  Robin (D:3)
  A howler monkey zombie (D:9)
  4 worker ant zombies
  19 adders
  7 gnolls
  4 shadow imps
  4 oozes (Sewer)
  2 adder skeletons
  5 worms
  4 dart slugs
  12 leopard geckos
  59 orcs
  9 ball pythons
  16 giant cockroaches
  15 goblins
  8 hobgoblins
  3 jackals (D:1)
  17 kobolds
  A quokka (D:6)
  9 bats
  22 frilled lizards
  A jackal skeleton (D:4)
  12 rats
  A bush (D:6)
  2 plants (D:10)
502 creatures vanquished.

Vanquished Creatures (others)
  An orc warrior (Bailey)
  A fungus (Lair:1)
  5 plants (D:6)
7 creatures vanquished.

Grand Total: 509 creatures vanquished

Notes
Turn   | Place    | Note
-------+----------+-------------------------------------------
     0 | D:1      | GlassEater the Minotaur Gladiator began the quest for the Orb.
     0 | D:1      | Reached XP level 1. HP: 18/18 MP: 0/0
   223 | D:1      | Reached XP level 2. HP: 25/25 MP: 1/1
   280 | D:1      | Reached skill level 4 in Maces & Flails
   754 | D:2      | Noticed Natasha
   755 | D:2      | Found a radiant altar of Vehumet.
   761 | D:2      | Killed Natasha
   761 | D:2      | Reached XP level 3. HP: 13/30 MP: 2/2
   767 | D:2      | Noticed Natasha
   935 | D:2      | Killed Natasha
   935 | D:2      | Reached XP level 4. HP: 29/37 MP: 3/3
  1009 | D:2      | Reached skill level 1 in Armour
  1035 | D:2      | Reached skill level 5 in Maces & Flails
  1246 | D:2      | Noticed Natasha
  1256 | D:2      | Killed Natasha
  1256 | D:2      | Reached XP level 5. HP: 43/45 MP: 4/4
  1339 | D:3      | Noticed Robin
  1590 | D:3      | Killed Robin
  1802 | D:3      | Reached skill level 6 in Maces & Flails
  1802 | D:3      | Reached XP level 6. HP: 45/51 MP: 5/5
  2570 | D:4      | Reached skill level 5 in Dodging
  2593 | D:4      | Noticed GlassEater's ghost (amateur FoFi)
  2618 | D:4      | Killed GlassEater's ghost
  2746 | D:4      | Gained mutation: Your flesh is cold resistant. (rC+) [potion of mutation]
  2746 | D:4      | Gained mutation: You are partially covered in rugged brown scales. (AC +1, +3% HP) [potion of mutation]
  2798 | D:4      | Reached skill level 7 in Maces & Flails
  2798 | D:4      | Reached XP level 7. HP: 41/60 MP: 6/6
  2898 | D:4      | Found a glowing drain.
  3093 | Sewer    | Entered a sewer
  3471 | D:4      | Noticed Edmund
  3474 | D:4      | Noticed Blork the orc
  3493 | D:4      | Killed Edmund
  3493 | D:4      | Reached skill level 5 in Fighting
  3493 | D:4      | Reached skill level 8 in Maces & Flails
  3501 | D:4      | Killed Blork the orc
  3501 | D:4      | Reached skill level 5 in Armour
  3501 | D:4      | Reached XP level 8. HP: 14/70 MP: 7/7
  4059 | D:4      | Lost mutation: Your flesh is cold resistant. (rC+) [potion of mutation]
  4059 | D:4      | Lost mutation: You are partially covered in rugged brown scales. (AC +1, +3% HP) [potion of mutation]
  4059 | D:4      | Gained mutation: You are partially covered in large bone plates. (SH +4) [potion of mutation]
  4059 | D:4      | Gained mutation: You have a somewhat thin skeletal structure. (Dex +2, Stealth) [potion of mutation]
  4059 | D:4      | Gained mutation: Your spells are a little harder to cast, but a little more powerful. [potion of mutation]
  4059 | D:4      | Gained mutation: You are agile. (Dex +2) [potion of mutation]
  4250 | D:4      | Found a staircase to the Ecumenical Temple.
  4340 | Temple   | Entered the Ecumenical Temple
  4358 | Temple   | Became a worshipper of Ashenzari the Shackled
  4526 | D:4      | Found a bloodstained altar of Trog.
  4580 | D:5      | Entered Level 5 of the Dungeon
  4777 | D:5      | Identified the ring of Sogoh {rCorr MP+9 Int+5 Dex-3 Slay+2} (You took it off a centaur on level 5 of the Dungeon)
  5076 | D:5      | Reached * piety under Ashenzari
  5232 | D:5      | Reached skill level 9 in Maces & Flails
  5734 | D:6      | Noticed elan's ghost (novice VSTm)
  5742 | D:6      | Killed elan's ghost
  5742 | D:6      | Reached XP level 9. HP: 78/78 MP: 8/8
  5754 | D:6      | Found an opulent altar of Gozag.
  6126 | D:6      | Found a blossoming altar of Fedhas.
  6181 | D:6      | Reached skill level 10 in Maces & Flails
  6197 | D:6      | Noticed Menkaure
  6208 | D:6      | Killed Menkaure
  6574 | D:7      | Reached ** piety under Ashenzari
  6583 | D:7      | Reached skill level 11 in Maces & Flails
  6589 | D:7      | Gained mutation: You are dopey. (Int -2) [mutagenic meat]
  6590 | D:7      | Lost mutation: You are dopey. (Int -2) [mutagenic meat]
  6591 | D:7      | Gained mutation: You are surrounded by a mild repulsion field. (EV +2) [mutagenic meat]
  6817 | D:7      | Found an iron altar of Okawaru.
  7240 | D:8      | Identified the +7 halberd "Ihycsalu" {pain, SInv}
  7240 | D:8      | Found a flagged portal.
  7263 | Bailey   | Entered a bailey
  7322 | Bailey   | Reached skill level 12 in Maces & Flails
  7526 | Bailey   | Reached XP level 10. HP: 24/88 MP: 9/9
  8259 | Bailey   | Identified 2 scrolls of acquirement
  8259 | Bailey   | Identified the cursed +13 crystal plate armour of Disguise {Int+6} (You acquired it in a bailey)
  8263 | Bailey   | Identified the cursed amulet "Ylofulox" {Spirit +Blink rN+ MR+ Str+4} (You acquired it in a bailey)
  8265 | Bailey   | Noticed an orc knight
  8278 | Bailey   | Killed an orc knight
  8601 | Bailey   | Identified the cursed ring "Ruxok" {+Fly Int+3} (You acquired it in a bailey)
  8631 | D:8      | Identified the cursed +1 whip of Purpose {venom, rC+ rN+}
  8667 | D:8      | Reached *** piety under Ashenzari
  9277 | D:8      | Found a shimmering altar of Xom.
  9304 | D:8      | Noticed a two-headed ogre
  9315 | D:8      | Killed a two-headed ogre
  9315 | D:8      | Reached skill level 13 in Maces & Flails
  9436 | D:9      | Noticed Autoplay's ghost (novice BaFi)
  9463 | D:9      | Killed Autoplay's ghost
  9677 | D:9      | Noticed a two-headed ogre
  9685 | D:9      | Killed a two-headed ogre
  9685 | D:9      | Reached XP level 11. HP: 46/97 MP: 10/10
 10091 | D:9      | Reached skill level 10 in Armour
 10102 | D:9      | Reached skill level 14 in Maces & Flails
 10191 | D:9      | Reached **** piety under Ashenzari
 10216 | D:9      | Noticed a two-headed ogre
 10222 | D:9      | Killed a two-headed ogre
 10222 | D:9      | Reached skill level 10 in Fighting
 10360 | D:10     | Entered Level 10 of the Dungeon
 10515 | D:10     | Noticed Joseph
 10518 | D:10     | Noticed Nergalle
 10552 | D:9      | Killed Joseph
 10562 | D:9      | Killed Nergalle
 10601 | D:10     | Found a staircase to the Orcish Mines.
 10763 | D:10     | Noticed Snorg
 10798 | D:10     | Killed Snorg
 11215 | D:10     | Found a staircase to the Lair.
 12090 | D:11     | Noticed a two-headed ogre
 12099 | D:11     | Killed a two-headed ogre
 12419 | D:11     | Noticed a white ugly thing
 12426 | D:11     | Reached XP level 12. HP: 105/110 MP: 11/11
 12460 | D:11     | Reached skill level 15 in Maces & Flails
 12638 | D:11     | Paralysed by a hornet for 3 turns
 12791 | D:12     | Noticed Maurice
 12797 | D:12     | Killed Maurice
 12998 | D:12     | Reached ***** piety under Ashenzari
 13466 | D:13     | Noticed a two-headed ogre
 13470 | D:13     | Killed a two-headed ogre
 13493 | D:13     | Identified the +1 robe of the Sun {Str+3 Dex+2 Stlth+}
 13542 | D:13     | Noticed Frances
 13572 | D:13     | Killed Frances
 13883 | D:13     | Noticed a tengu warrior
 13883 | D:13     | Noticed a five-headed hydra
 13884 | D:13     | Noticed a great orb of eyes
 13969 | D:13     | Noticed a death yak
 14031 | D:14     | Reached skill level 16 in Maces & Flails
 14344 | D:14     | Identified the +4 hand crossbow of Immorality {venom, *Contam rElec SInv}
 14371 | D:14     | Reached XP level 13. HP: 119/121 MP: 12/12
 14391 | D:14     | Found a gate to the Vaults.
 14538 | D:14     | Found a shattered altar of Ashenzari.
 14758 | D:14     | Gained mutation: You are frail. (-10% HP) [mutagenic meat]
 14759 | D:14     | Gained mutation: You are very agile. (Dex +4) [mutagenic meat]
 14847 | D:15     | Entered Level 15 of the Dungeon
 14943 | Lair:1   | Entered Level 1 of the Lair of Beasts
 14946 | Lair:1   | Noticed pichaelthompson's ghost (journeyman DsBe)
 14956 | Lair:1   | Killed pichaelthompson's ghost
 14993 | Lair:1   | Reached skill level 17 in Maces & Flails
 15065 | Lair:1   | Lost mutation: Your spells are a little harder to cast, but a little more powerful. [potion of mutation]
 15065 | Lair:1   | Lost mutation: You are surrounded by a mild repulsion field. (EV +2) [potion of mutation]
 15065 | Lair:1   | Lost mutation: You have a somewhat thin skeletal structure. (Dex +2, Stealth) [potion of mutation]
 15065 | Lair:1   | Lost mutation: You are very agile. (Dex +4) [potion of mutation]
 15065 | Lair:1   | Gained mutation: You are very agile. (Dex +4) [potion of mutation]
 15065 | Lair:1   | Gained mutation: Your body sometimes deteriorates upon taking damage. [potion of mutation]
 15065 | Lair:1   | Gained mutation: You evolve. [potion of mutation]
 15432 | Lair:1   | Found an iron altar of Okawaru.
 15594 | Lair:2   | Found a frozen archway.
 15616 | IceCv    | Entered an ice cave
 15878 | IceCv    | Identified the ring "Suwen" {rF+ MR+ AC+1}
 15891 | IceCv    | Killed from afar by an ice dragon

Vault maps used:
D:1:      ncdulo_smallfort, minmay_crystal_water, st_stairs_8
D:2:      fiery_altar_vehumet, first_bread, uniq_natasha
D:3:      uniq_robin
D:4:      lightli_temple_of_fire, temple_statues, portal_sewer_entry_f,
          minivault_5, uniq_blork_the_orc, uniq_edmund
D:6:      nicolae_gozag_cash_rules_everything_around_me, minmay_misc_feat_doors,
          fedhas_altar_decomposition, uniq_menkaure
D:7:      the_bakery, okawaru_trees_2
D:8:      kennysheep_mini_moat, enter_bailey_2
D:10:     dpeg_oklobed_lair, david_orc_2, minmay_misc_feat_rows, uniq_snorg,
          uniq_joseph, uniq_nergalle
D:11:     lemuel_nasty_fountain
D:12:     serial_corexii_hall, corexii_hall_statues_x, corexii_hall_statues_s,
          uniq_maurice
D:13:     minmay_splitting_lines, minivault_12, uniq_frances
D:14:     grunt_vaults_entry_tiered, nicolae_ashenzari_panopticon
D:15:     grunt_enter_depths_snipers, basic_altar, serial_corexii_hall,
          corexii_hall_statues_i, corexii_hall_statues_l, uniq_urug, uniq_nessos
Temple:   nicolae_temple_elliptical
Lair:1:   lemuel_oklob_altar
Lair:2:   portal_ice_cave_entry_ice_beasts
Sewer:    sewer_frog_island_02
Bailey:   bailey_polearm_2, bailey
IceCv:    ice_cave_small_dragons

Skill      XL: |  1  2  3  4  5  6  7  8  9 10 11 12 13 |
---------------+----------------------------------------+-----
Maces & Flails | 4 5 6 7 8 9 12 13 14 16 17 | 17.2
Dodging        | 4 5 6 7 |  7.1
Armour         | 1 2 3 5 6 8 9 11 13 | 13.9
Fighting       | 3 4 5 6 7 9 11 13 14 | 14.7
Throwing       | |  2.0

Action                   |  1- 3 |  4- 6 |  7- 9 | 10-12 | 13-15 || total
-------------------------+-------+-------+-------+-------+-------++-------
Melee: Flail             |    53 |    55 |       |       |       ||   108
       Headbutt          |     6 |    27 |    75 |   139 |    50 ||   297
       Club              |       |   101 |   157 |       |       ||   258
       Unarmed           |       |     8 |       |       |       ||     8
       Dire flail        |       |       |   209 |   546 |   208 ||   963
Invok: Curse Item        |       |       |     3 |       |       ||     3
  Use: Scroll            |       |     4 |     4 |    18 |     5 ||    31
       Potion            |       |     2 |     6 |     1 |     1 ||    10
 Stab: Sleeping          |     1 |       |       |       |       ||     1
       Invisible         |       |       |     6 |       |       ||     6
  Eat: Chunk             |       |     5 |    20 |    21 |     8 ||    54
Armor: Leather armour    |    20 |     7 |       |       |       ||    27
       Chain mail        |       |    96 |   158 |   101 |       ||   355
       Crystal plate arm |       |       |       |   177 |   139 ||   316
Dodge: Dodged            |    43 |    96 |   205 |   285 |    63 ||   692
Block: Other             |       |       |    21 |   101 |    22 ||   144
